 Dungeon Crawl Stone Soup version 0.27-a0-1456-gf5a116941d (webtiles) character file.

Game seed: 5152726477685529743

31075 raph the Destroyer (level 13, -10/73 HPs)
             Began as a Deep Elf Conjurer on July 6, 2021.
             Was an Elder of Sif Muna.
             Mangled by a catoblepas (27 damage)
             ... on level 5 of the Lair of Beasts.
             The game lasted 00:36:37 (15632 turns).

raph the Destroyer (Deep Elf Conjurer)             Turns: 15632, Time: 00:36:38

Health: -10/73     AC: 12    Str:  5    XL:     13   Next: 24%
Magic:  21/29      EV: 31    Int: 28    God:    Sif Muna [****..]
Gold:   717        SH:  6    Dex: 20    Spells: 10/32 levels left

rFire    . . .     SeeInvis +   a - staff of conjuration
rCold    . . .     Faith    .   F - +0 buckler
rNeg     . . .     Spirit   .   x - +0 steam dragon scales
rPois    .         Reflect  .   B - +2 helmet of the Other World {Fly Dex+7 Stlth-}
rElec    .         Harm     .   J - +0 cloak
rCorr    .         Rampage  .   H - +0 pair of gloves
Will     +....                  g - +1 pair of boots
Stlth    +.........             m - amulet of the acrobat
HPRegen  0.22/turn              I - ring of see invisible
MPRegen  0.21/turn              (no ring)

@: lethally poisoned (-10 -> -13), acrobatic, flying, slowed, very slow
A: no striking features
a: Renounce Religion, Channel Magic, Forget Spell, Divine Exegesis


You were on level 5 of the Lair of Beasts.
You worshipped Sif Muna.
Sif Muna was greatly pleased with you.
You visited 3 branches of the dungeon, and saw 14 of its levels.

You collected 717 gold pieces.

Inventory:

Hand Weapons
 b - the +4 short sword "Cyenat" {drain, Dex+5}
   (You found it on level 5 of the Dungeon)

   A truly terrible weapon, it drains the life of those it strikes.
   Dex:       It affects your dexterity (+5).
 r - a +0 demon blade
Missiles
 z - 2 throwing nets
Armour
 g - a +1 pair of boots (worn)
 w - a +1 leather armour of poison resistance
 x - +0 steam dragon scales (worn)
 B - the +2 helmet of the Other World (worn) {Fly Dex+7 Stlth-}
   (You found it on level 1 of the Lair of Beasts)

   Dex:       It affects your dexterity (+7).
   Fly:       It grants you flight.
   Stlth:     It makes you less stealthy.
 F - a +0 buckler (worn)
 H - a +0 pair of gloves (worn)
 J - a +0 cloak (worn)
Magical Staves
 a - a staff of conjuration (weapon)
 d - a staff of death
Jewellery
 m - an amulet of the acrobat (around neck)
 I - a ring of see invisible (left hand)
Wands
 j - a wand of polymorph (11)
 p - a wand of flame (30)
 y - a wand of iceblast (5)
 K - a wand of digging (3)
Scrolls
 k - 5 scrolls of teleportation
 l - 2 scrolls of holy word
 t - 4 scrolls of fog
 C - 2 scrolls of enchant weapon
 L - a scroll of blinking
Potions
 c - a potion of mutation
 e - 3 potions of curing
 f - 2 potions of lignification
 h - 2 potions of heal wounds
 i - a potion of might
 n - a potion of degeneration
 o - 2 potions of resistance
 q - a potion of haste
 s - 3 potions of magic
 u - 2 potions of attraction {unknown}
 v - a potion of ambrosia {unknown}
 A - a potion of brilliance
 D - 2 potions of cancellation
 E - 3 potions of berserk rage
 G - a potion of flight {unknown}


   Skills:
 + Level 5.5 Fighting
 + Level 7.0 Dodging
 - Level 2.4 Stealth
 - Level 4.0 Shields
 - Level 10.3 Spellcasting
 * Level 14.8 Conjurations
 - Level 5.3 Hexes
 + Level 7.8 Translocations
 + Level 7.2 Transmutations
 + Level 9.1 Invocations


You had 10 spell levels left.
You knew the following spells:

 Your Spells              Type           Power      Damage    Failure   Level
a - Magic Dart            Conj           100%       1d8       0%          1
b - Searing Ray           Conj           100%       3d7       0%          2
c - Dazzling Flash        Conj/Hex       100%       N/A       1%          3
d - Animate Skeleton      Necr           28%        N/A       3%          1
e - Fulminant Prism       Conj/Hex       41%        3d20      1%          4
f - Iskenderun's Mystic   Conj/Tloc      86%        2d17      1%          4
g - Spider Form           Tmut/Pois      17%        N/A       2%          3
h - Cause Fear            Hex            22%        N/A       4%          4

Your spell library contained the following spells:

 Spells                   Type           Power      Damage    Failure   Level
 Apportation              Tloc           100%       N/A       1%          1
 Beastly Appendage        Tmut           100%       N/A       1%          1
 Corona                   Hex            48%        N/A       1%          1
 Wereblood                Tmut           53%        N/A       1%          2
 Hailstorm                Conj/Ice       71%        3d15      1%          4
 Irradiate                Conj/Tmut      42%        3d28      1%          5
 Freeze                   Ice            56%        1d7       3%          1
 Summon Small Mammal      Summ           56%        N/A       3%          1
 Blade Hands              Tmut           26%        N/A       5%          5
 Frozen Ramparts          Ice            28%        1d4       12%         3
 Dragon Form              Tmut           26%        N/A       86%         7
 Dragon's Call            Summ           7%         N/A       100%        9


Dungeon Overview and Level Annotations

Branches:
Dungeon (8/15)             Temple (1/1) D:5            Lair (5/6) D:8
 Shoals (0/4) Lair:4        Snake (0/4) Lair:4
  Slime: Lair:5-6

Altars:
Ashenzari
Cheibriados
Dithmenos
Elyvilon
Fedhas
Gozag
Hepliaklqana
Kikubaaqudgha
Makhleb
Nemelex Xobeh
Okawaru
Qazlal
Ru
Sif Muna
Trog
Uskayaw
Vehumet
Wu Jian
Xom
Yredelemnul
Zin
The Shining One

Annotations:
D:8 3 runed translucent doors, bmj180's ghost, novice DrCj
Lair:2 1 runed translucent door, Arzdou's ghost, journeyman MiBe
Lair:3 exclusion: 2 oklob plants
Lair:5 Rupert


Message History

The blast of calcifying dust hits you but does no damage.
A nearby plant withers and dies.
Casting: Iskenderun's Mystic Blast (safe; 1% risk of failure)
Confirm with . or Enter, or press ? or * to list all spells.
Aiming: Fulminant Prism (mildly dangerous; 1% risk of failure)
Press: ? - help, Dir - move target You feel a surge of power!
You conjure a prism of explosive energy!
A fulminant prism comes into view.
A nearby fungus withers and dies.
A hornet comes into view.
Your fulminant prism crackles loudly.
Found 11 gold pieces.
The catoblepas breathes a plume of calcifying dust at you.
The blast of calcifying dust hits you but does no damage.
Rupert the Wild comes into view.
He is wielding a +2 battleaxe of freezing.
Your fulminant prism explodes!
You hear a croak.
You hear an angry hiss.
The hornet is engulfed in calcifying dust.
The hornet is moving more slowly.
Rupert yells loudly at you.
You suddenly lose the ability to move!
The catoblepas breathes a plume of calcifying dust at you.
The blast of calcifying dust hits you but does no damage.
You are engulfed in calcifying dust.
A cane toad comes into view.
The hornet stings you!
You feel yourself slow down.
The cane toad moves out of view.
You are engulfed in calcifying dust.
The hornet stings you!
You are poisoned.
You feel as though you will be slow longer.
You are engulfed in calcifying dust.
You feel very sick.
The hornet stops moving altogether!
You feel sick. The catoblepas gores you!
You feel sick. The catoblepas gores you!
* * * LOW HITPOINT WARNING * * *
You can move again.
You feel sick. The catoblepas gores you!!
You die...

#...#.....#.P..
..#.........P...
......P...P...P.#
..#.........#PP.##
...P.........PP..P
.P....§...#...P...
.P................
.P..P..@§.........
..$...#.Y.........
......P.y.#.#.P...
.#.P.....@F............
..P...................
..........#........P.# .
.....................#..
.......
.......P...†...........
.....P..
....#.......#...........


You could see Rupert, a catoblepas, a cane toad and a hornet (petrified).

Vanquished Creatures
  2 boulder beetles (Lair:4)
  Harold (Lair:1)
  7 hydras
  Urug (Lair:2)
  A lindwurm (Lair:4)
  Maurice (D:8)
  3 merfolk sirens (Lair:4)
  An elephant (Lair:4)
  7 black mambas
  A torpor snail (Lair:4)
  3 rime drakes
  8 cane toads
  6 komodo dragons
  A troll (D:7)
  A merfolk (Lair:4)
  2 polar bears
  A hornet (D:7)
  13 dream sheep (Lair:4)
  13 blink frogs
  A wraith (D:8)
  13 yaks
  4 wyverns
  2 steam dragons (D:8)
  4 basilisks
  2 vampire mosquitoes (D:7)
  2 wargs (D:8)
  10 water moccasins
  3 ice beasts
  A sky beast (D:6)
  3 orc warriors
  A black bear (Lair:3)
  6 wolves
  4 phantoms
  12 bullfrogs
  A wyvern zombie (D:8)
  3 killer bees (D:8)
  8 wights
  A howler monkey (D:5)
  An electric eel (D:7)
  A centaur zombie (D:8)
  A hound (D:7)
  A jelly (D:7)
  3 orc priests (D:8)
  A centaur skeleton (D:6)
  A gnoll shaman (D:7)
  4 iguanas
  7 hell rats (Lair:2)
  6 orc wizards
  3 gnolls (D:7)
  8 adders
  2 howler monkey skeletons
  A white imp (D:6)
  2 worms
  3 dart slugs
  20 orcs
  8 bats
  4 endoplasms
  4 giant cockroaches
  7 goblins
  5 hobgoblins
  5 quokkas
  6 ball pythons
  A frilled lizard (D:1)
  7 kobolds
  6 rats
272 creatures vanquished.

Vanquished Creatures (collateral kills)
  A yak (Lair:4)
  A gnoll (D:7)
2 creatures vanquished.

Vanquished Creatures (others)
  An orc (D:8)
  71 fulminant prisms
  23 fungi
  32 plants
127 creatures vanquished.

Grand Total: 401 creatures vanquished

Notes
Turn   | Place    | Note
-------+----------+-------------------------------------------
     0 | D:1      | raph the Deep Elf Conjurer began the quest for the Orb.
     0 | D:1      | Reached XP level 1. HP: 10/10 MP: 6/6
   253 | D:1      | Reached XP level 2. HP: 15/15 MP: 6/8
   276 | D:1      | Learned a level 2 spell: Searing Ray
   353 | D:1      | Reached skill level 5 in Conjurations
   392 | D:1      | Found a faded altar of an unknown god.
   921 | D:2      | Reached XP level 3. HP: 19/19 MP: 6/9
  1035 | D:2      | Learned a level 3 spell: Dazzling Flash
  1037 | D:2      | Learned a level 1 spell: Animate Skeleton
  1541 | D:2      | Reached skill level 6 in Conjurations
  1541 | D:2      | Reached XP level 4. HP: 24/24 MP: 7/11
  2562 | D:3      | Reached XP level 5. HP: 7/28 MP: 1/13
  2999 | D:3      | Learned a level 4 spell: Fulminant Prism
  3119 | D:3      | Found an opulent altar of Gozag.
  3625 | D:4      | Reached skill level 7 in Conjurations
  4205 | D:5      | Entered Level 5 of the Dungeon
  4205 | D:5      | Noticed a phantom
  4206 | D:5      | Noticed an orc warrior
  4407 | D:5      | Noticed a phantom
  4413 | D:5      | Killed a phantom
  4414 | D:5      | Reached XP level 6. HP: 32/32 MP: 4/15
  4528 | D:5      | Reached skill level 5 in Spellcasting
  4655 | D:5      | Noticed a water moccasin
  4659 | D:5      | Killed a water moccasin
  4660 | D:5      | Reached skill level 8 in Conjurations
  4922 | D:5      | Reached XP level 7. HP: 36/36 MP: 9/17
  5242 | D:5      | Identified the +4 short sword "Cyenat" {drain, Dex+5}
  5374 | D:5      | Reached skill level 1 in Hexes
  5417 | D:5      | Found a staircase to the Ecumenical Temple.
  5426 | Temple   | Entered the Ecumenical Temple
  5524 | Temple   | Became a worshipper of Sif Muna the Loreminder
  5580 | D:5      | Reached skill level 9 in Conjurations
  5825 | D:6      | Reached skill level 1 in Invocations
  5972 | D:6      | Learned a level 4 spell: Iskenderun's Mystic Blast
  6141 | D:6      | Reached XP level 8. HP: 41/41 MP: 15/20
  6770 | D:7      | Reached skill level 10 in Conjurations
  6903 | D:7      | Noticed a hornet
  6908 | D:7      | Killed a hornet
  6909 | D:7      | Reached XP level 9. HP: 45/45 MP: 6/23
  7027 | D:7      | Noticed a troll
  7041 | D:7      | Killed a troll
  7042 | D:7      | Reached skill level 5 in Hexes
  7235 | D:7      | You fall into a shaft and drop 1 floor!
  7252 | D:8      | Reached * piety under Sif Muna
  7253 | D:8      | Reached skill level 11 in Conjurations
  7253 | D:8      | Reached skill level 1 in Translocations
  7441 | D:8      | Found a staircase to the Lair.
  7613 | D:8      | Reached skill level 5 in Invocations
  7613 | D:8      | HP: 2/45 [something (10)]
  7674 | D:8      | Learned a level 3 spell: Spider Form
  8015 | D:8      | Found a runed translucent gate.
  8016 | D:8      | Found a runed translucent gate.
  8017 | D:8      | Found a runed translucent gate.
  8017 | D:8      | Noticed bmj180's ghost (novice DrCj)
  8062 | D:8      | Reached skill level 1 in Transmutations
  8277 | D:8      | Reached skill level 1 in Fighting
  8290 | D:8      | Noticed Maurice
  8296 | D:8      | Killed Maurice
  8297 | D:8      | Reached XP level 10. HP: 52/52 MP: 6/25
  8728 | Lair:1   | Entered Level 1 of the Lair of Beasts
  8738 | Lair:1   | Noticed a black mamba
  8744 | Lair:1   | Killed a black mamba
  8874 | Lair:1   | Noticed a cane toad
  8882 | Lair:1   | Killed a cane toad
  8883 | Lair:1   | Reached skill level 12 in Conjurations
  9073 | Lair:1   | Reached ** piety under Sif Muna
  9232 | Lair:1   | Noticed Harold
  9244 | Lair:1   | Reached skill level 10 in Spellcasting
  9244 | Lair:1   | Killed Harold
  9451 | Lair:1   | Identified the +2 helmet of the Other World {Fly Dex+7
                  | Stlth-}
  9568 | Lair:1   | Noticed a black mamba
  9575 | Lair:1   | Killed a black mamba
  9694 | Lair:1   | Noticed a six-headed hydra
  9705 | Lair:1   | Killed a six-headed hydra
  9706 | Lair:1   | Reached XP level 11. HP: 59/59 MP: 12/27
  9794 | Lair:1   | Learned a level 4 spell: Cause Fear
 10133 | Lair:2   | Noticed Urug
 10142 | Lair:2   | Killed Urug
 10143 | Lair:2   | Reached skill level 5 in Translocations
 10249 | Lair:2   | Found a runed translucent door.
 10250 | Lair:2   | Found a shimmering altar of Xom.
 10250 | Lair:2   | Noticed Arzdou's ghost (journeyman MiBe)
 10250 | Lair:2   | Identified the +3 flail "Gaesutz" {chaos, +Blink Str+3
                  | Int+2}
 10250 | Lair:2   | Noticed a +3 flail "Gaesutz" {chaos, +Blink Str+3 Int+2}
 10674 | Lair:2   | Noticed a four-headed hydra
 10687 | Lair:2   | Killed a four-headed hydra
 10688 | Lair:2   | Reached skill level 13 in Conjurations
 10871 | Lair:2   | Reached skill level 5 in Transmutations
 11093 | Lair:2   | Reached skill level 1 in Shields
 11735 | Lair:3   | Reached *** piety under Sif Muna
 12056 | Lair:3   | Identified the +9 scale mail of Hino {Will+}
 12247 | Lair:3   | Noticed an oklob plant
 12248 | Lair:3   | Noticed an oklob plant
 12622 | Lair:4   | Found a staircase to the Snake Pit.
 12622 | Lair:4   | Noticed a six-headed hydra
 12710 | Lair:4   | Reached XP level 12. HP: 58/66 MP: 7/28
 12844 | Lair:4   | Noticed a seven-headed hydra
 12853 | Lair:4   | Killed a seven-headed hydra
 12854 | Lair:4   | Reached skill level 5 in Dodging
 13572 | Lair:4   | Reached skill level 14 in Conjurations
 13727 | Lair:4   | Noticed a boulder beetle
 13727 | Lair:4   | Noticed a boulder beetle
 13743 | Lair:4   | Killed a boulder beetle
 13744 | Lair:4   | Noticed an eight-headed hydra
 13746 | Lair:4   | Noticed a six-headed hydra
 13750 | Lair:4   | Killed an eight-headed hydra
 13753 | Lair:4   | Killed a six-headed hydra
 13754 | Lair:4   | Reached skill level 5 in Fighting
 13758 | Lair:4   | Killed a boulder beetle
 14073 | Lair:4   | Killed a six-headed hydra
 14092 | Lair:4   | Reached **** piety under Sif Muna
 14285 | Lair:4   | Reached XP level 13. HP: 59/72 MP: 18/29
 14388 | Lair:4   | Found a staircase to the Shoals.
 15622 | Lair:5   | Noticed Rupert
 15626 | Lair:5   | Paralysed by Rupert for 6 turns
 15632 | Lair:5   | Mangled by a catoblepas

Illustrated notes

Levels and vault maps discovered:
D:1:      amcnicky_arrival_blooded_trapdoor, layout_rooms,
          shapermc_ecumenical_altar_mp_ritualfount
D:2:      layout_loops_cross
D:3:      layout_loops_ring, lemuel_round_altar, nrook_mini_backslash,
          dk_vineyard_1
D:4:      layout_loops_ring
D:5:      layout_basic, minmay_temple_entry_antechambers
D:6:      layout_loops_ring, amcnicky_mini_corridor_feature, uniq_maggie
D:7:      layout_layer_cave, minivault_14, kennysheep_generic_room_15,
          uniq_joseph
D:8:      layout_loops_ring, erik_lair_orcish_takeover,
          gammafunk_ghost_spectres, uniq_maurice
Temple:   dpeg_three_leaves_temple
Lair:1:   layout_cave_pods, lemuel_fruit_tree, infiniplex_staircase_pool,
          uniq_harold
Lair:2:   layout_big_grid, ebering_ghost_xom, minmay_stone_trees_small,
          uniq_urug
Lair:3:   layout_chaotic_city, beast_lair_carwin_6, infiniplex_staircase_pool_2,
          grunt_megastairs_2, minmay_lair_oklob_chamber
Lair:4:   nzn_winding_woodlands_stair_trap
          [nzn_winding_woodlands_5x15_pathside_ponds,
          nzn_winding_woodlands_5x15_jagged, nzn_winding_woodlands_5x15_cabin,
          nzn_winding_woodlands_15x15_killbox,
          nzn_winding_woodlands_5x15_river_crossing,
          nzn_winding_woodlands_5x15_pool, nzn_winding_woodlands_5x15_default],
          layout_regular_city, elwin_shoals_entry_stream, dummy_snake_entry,
          serial_rivers, chequers_serial_rivers_micro_e,
          chequers_serial_rivers_small_a, chequers_serial_rivers_large_a,
          chequers_serial_rivers_small_3, chequers_serial_rivers_small_a,
          chequers_serial_rivers_marsh
Lair:5:   layout_long_grid, dpeg_slime_entry_corner, grunt_megastairs_5,
          uniq_rupert

Skill      XL: |  1  2  3  4  5  6  7  8  9 10 11 12 13 |
---------------+----------------------------------------+-----
Conjurations   | 5 6 7 8 9 10 11 12 13 14 | 14.8
Spellcasting   | 4 5 6 8 9 10 | 10.3
Hexes          | 2 4 5 |  5.3
Invocations    | 1 3 5 6 7 8 9 |  9.1
Translocations | 3 4 6 7 |  7.8
Transmutations | 1 4 5 6 7 |  7.2
Fighting       | 1 2 4 5 |  5.5
Dodging        | 4 6 7 |  7.0
Shields        | 2 4 |  4.0
Stealth        | |  2.4

Action                   |  1- 3 |  4- 6 |  7- 9 | 10-12 | 13-15 || total
-------------------------+-------+-------+-------+-------+-------++-------
Melee: Short sword       |       |       |     7 |       |       ||     7
       Staff             |       |       |       |     2 |       ||     2
 Cast: Magic Dart        |    46 |    40 |    23 |    24 |     6 ||   139
       Searing Ray       |     9 |    23 |    40 |    53 |    12 ||   137
       Animate Skeleton  |       |     3 |     3 |     3 |       ||     9
       Dazzling Flash    |       |     1 |       |     2 |       ||     3
       Fulminant Prism   |       |       |    17 |    45 |     9 ||    71
       Iskenderun's Myst |       |       |     2 |    48 |     8 ||    58
Invok: Channel Magic     |       |       |       |     4 |       ||     4
Evoke: Wand              |       |       |       |       |     2 ||     2
  Use: Scroll            |       |    12 |     3 |     7 |     4 ||    26
Armor: Robe              |     1 |       |     2 |       |       ||     3
       Steam dragon scal |       |       |       |    21 |     5 ||    26
Dodge: Dodged            |     8 |     9 |    36 |   102 |     8 ||   163
Block: Buckler           |       |       |       |    15 |     5 ||    20

Table legend: (Time is in decaauts)
 A = Elapsed time spent in this place.
 B = Non-inter-level travel time spent in this place.
 C = Inter-level travel time spent in this place.
 D = Time resting spent in this place.
 E = Time spent auto-exploring this place.
 F = Levels seen in this place.
 G = Mean time per level.
                   A        B        C        D        E       F      G
               +--------+--------+--------+--------+--------+-----+--------+
         Total |  15639 |  15196 |    443 |   6377 |   6906 |  14 | 1117.1 |
       Dungeon |   8620 |   8432 |    188 |   3527 |   3959 |   8 | 1077.5 |
        Temple |    106 |     99 |      7 |      0 |     50 |   1 |  106.0 |
          Lair |   6912 |   6664 |    248 |   2850 |   2896 |   5 | 1382.4 |
               +--------+--------+--------+--------+--------+-----+--------+

Top non-repeatable levels by time:
  Lair:4: 2525 daAuts
  Lair:2: 1634 daAuts
     D:8: 1492 daAuts
     D:5: 1453 daAuts
  Lair:1: 1372 daAuts
     D:3: 1274 daAuts
     D:2: 1248 daAuts
  Lair:3: 1042 daAuts
     D:6: 938 daAuts
     D:1: 904 daAuts
     D:4: 806 daAuts
     D:7: 501 daAuts
  Lair:5: 337 daAuts
  Temple: 106 daAuts
